 Dungeon Crawl Stone Soup version 0.21.1-1-g345015f (webtiles) character file.

802 Inarius the Ruffian (level 7, 0/57 HPs)
             Began as a Ghoul Gladiator on Feb 27, 2018.
             Slain by an orc priest
             ... wielding a +0 dagger
              (1 damage)
             ... on level 5 of the Dungeon.
             The game lasted 00:08:11 (4582 turns).

Inarius the Ruffian (Ghoul Gladiator)               Turns: 4582, Time: 00:08:12

Health: 0/57       AC:  4    Str: 19    XL:     7   Next: 91%
Magic:  7/7        EV: 13    Int:  4    God:
Gold:   219        SH:  0    Dex: 10    Spells: 6/6 levels left

rFire    . . .     SeeInvis .     - Unarmed
rCold    + . .     Gourm    .   (no shield)
rNeg     + + +     Faith    .   a - +0 leather armour
rPois    ∞         Spirit   .   b - +0 helmet
rElec    .         Reflect  .   (no cloak)
rCorr    .         Harm     .   (no gloves)
MR       .....                  (no boots)
Stlth    ++........             (no amulet)
HPRegen  0.00/turn              (no ring)
MPRegen  0.10/turn              (no ring)

@: rotting
A: rotting body, claws 1, carnivore, cold resistance 1, negative energy
resistance 3, inhibited regeneration, torment resistance, unbreathing
a: no special abilities


You were on level 5 of the Dungeon.
You were not hungry.

You visited 2 branches of the dungeon, and saw 6 of its levels.

You collected 219 gold pieces.

Inventory:

Missiles
 c - 3 throwing nets (quivered)
Armour
 a - a +0 leather armour (worn)
 b - a +0 helmet (worn)
Wands
 j - a wand of random effects (11)
Scrolls
 h - a scroll of enchant armour {unknown}
 i - 2 scrolls of remove curse
 l - a scroll of teleportation {unknown}
 n - a scroll of random uselessness {unknown}
 q - a scroll of amnesia {unknown}
 r - a scroll of identify
Potions
 f - a potion of agility
 g - a potion of heal wounds
 k - a potion of curing
 m - 2 potions of might
 o - a potion of resistance {unknown}
 p - a potion of haste {unknown}
Comestibles
 d - 13 rations


   Skills:
 + Level 3.0 Fighting
 - Level 2.0 Throwing
 + Level 2.7 Armour
 + Level 4.0 Dodging
 * Level 4.3 Stealth
 + Level 6.3 Unarmed Combat
 * Level 2.0 Evocations


You had 6 spell levels left.
You didn't know any spells.

Dungeon Overview and Level Annotations

Branches:
Dungeon (5/15)             Temple (1/1) D:5

Altars:
Ashenzari
Cheibriados
Elyvilon
Fedhas
Gozag
Hepliaklqana
Makhleb
Nemelex Xobeh
Okawaru
Qazlal
Ru
Sif Muna
Trog
Uskayaw
Zin
The Shining One


Innate Abilities, Weirdness & Mutations

Your body is rotting away.
You thrive on raw meat.
You are immune to poison.
You have sharp fingernails.
You are carnivorous and can eat meat at any time.
Your flesh is cold resistant. (rC+)
You are immune to negative energy. (rN+++)
You do not regenerate when monsters are visible.
You are immune to unholy pain and torment.
You can survive without breathing.


Message History

You barely miss the orc. The orc closely misses you.
The orc priest calls down the wrath of Beogh upon you.
Beogh smites you!
You closely miss the orc. The orc hits you but does no damage.
You barely miss the orc. The orc hits you with a mace.
You claw the orc!
You kill the orc!
The orc priest hits you with a dagger. The orc hits you with a mace.
Things that are here:
a mace; a leather armour; an orc corpse You closely miss the orc priest.
The orc priest calls down the wrath of Beogh upon you.
Beogh smites you!
* * * LOW HITPOINT WARNING * * *
The orc hits you with a mace.
* * * LOW HITPOINT WARNING * * *
You scratch the orc priest.
The orc priest is heavily wounded.
The orc priest hits you with a dagger.
You die...

####### ########<......
...............
...............
............###
........###.#
#.#####.....########
#.....oo######.....#
#######@# #.....# #.#
#.....# ## #.# #.....## #.
####'## #......###.
#.....# #.......##.
#.....# #....##'##.
######.....# #...##...##
#....'.....# #...#.....#
#.####.....#####...#.....#


You could see an orc priest and an orc.

Vanquished Creatures
  A troll (D:5)
  An ogre (D:5)
  A bullfrog zombie (D:5)
  An orc priest (D:5)
  A jelly (D:5)
  An iguana (D:5)
  Ijyb (D:2)
  7 worker ants
  A hound skeleton (D:4)
  A worker ant zombie (D:3)
  A gnoll (D:1)
  6 adders
  An ooze (D:3)
  An adder skeleton (D:5)
  3 worms (D:3)
  3 dart slugs
  2 leopard geckos
  8 orcs
  A bat (D:3)
  3 giant cockroaches
  8 goblins (D:2)
  4 hobgoblins
  9 jackals
  A quokka (D:2)
  A ball python (D:3)
  3 frilled lizards
  3 kobolds
  A leopard gecko skeleton (D:4)
  7 rats
82 creatures vanquished.

Notes
Turn   | Place    | Note
-------+----------+-------------------------------------------
     0 | D:1      | Inarius the Ghoul Gladiator began the quest for the Orb.
     0 | D:1      | Reached XP level 1. HP: 17/17 MP: 0/0
   216 | D:1      | Reached XP level 2. HP: 25/25 MP: 1/1
   581 | D:2      | Reached XP level 3. HP: 26/30 MP: 2/2
   598 | D:2      | Noticed Ijyb
   616 | D:2      | Killed Ijyb
   616 | D:2      | Reached skill level 1 in Stealth
   711 | D:2      | Reached skill level 4 in Unarmed Combat
   711 | D:2      | Reached XP level 4. HP: 31/37 MP: 3/3
   844 | D:2      | Found a shattered altar of Ashenzari.
  1266 | D:3      | Reached skill level 1 in Armour
  1293 | D:3      | Reached XP level 5. HP: 20/42 MP: 4/4
  1319 | D:3      | Found a glowing golden altar of the Shining One.
  2847 | D:4      | Reached skill level 5 in Unarmed Combat
  2847 | D:4      | Reached XP level 6. HP: 29/50 MP: 5/5
  2908 | D:5      | Entered Level 5 of the Dungeon
  3461 | D:5      | Reached skill level 1 in Evocations
  3724 | D:5      | Reached XP level 7. HP: 46/56 MP: 5/7
  3859 | D:5      | Noticed a troll
  4146 | D:5      | Killed a troll
  4146 | D:5      | Reached skill level 6 in Unarmed Combat
  4362 | D:5      | Found a staircase to the Ecumenical Temple.
  4368 | Temple   | Entered the Ecumenical Temple
  4581 | D:5      | HP: 1/57 [orc/mace (3)]
  4582 | D:5      | Slain by an orc priest

Skill      XL: |  1  2  3  4  5  6  7 |
---------------+----------------------+-----
Dodging        | 3 4 |  4.0
Throwing       | 2 |  2.0
Stealth        | 1 2 3 4 |  4.3
Unarmed Combat | 4 5 6 |  6.3
Armour         | 1 2 |  2.7
Evocations     | 1 2 |  2.0
Fighting       | 3 |  3.0

Action                   |  1- 3 |  4- 6 |  7- 9 || total
-------------------------+-------+-------+-------++-------
Melee: Unarmed           |    55 |   229 |    28 ||   312
       Punch             |       |     4 |       ||     4
Evoke: Wand              |       |     2 |     7 ||     9
  Use: Scroll            |       |     3 |     3 ||     6
 Stab: Sleeping          |       |     4 |       ||     4
       Paralysed         |       |       |     6 ||     6
  Eat: Chunk             |    10 |    19 |       ||    29
Armor: Leather armour    |    13 |    38 |     4 ||    55
Dodge: Dodged            |    41 |   119 |    12 ||   172
